 Dungeon Crawl Stone Soup version 0.32-a0-599-gba8f9cf90e (webtiles) character file.

Game seed: 7127990712820874632

39 cforsyth the Grave Robber (level 3, 0/29 HPs)
             Began as a Mountain Dwarf Necromancer on Mar 2, 2024.
             Slain by Sigmund
             ... wielding a +3 scythe of freezing
              (9 damage)
             ... on level 2 of the Dungeon.
             The game lasted 00:02:15 (1291 turns).

cforsyth the Grave Robber (MDNe)                    Turns: 1291, Time: 00:02:16

Health: 0/29       AC:  5    Str: 10    XL:     3   Next: 26%
Magic:  5/5        EV: 10    Int: 17    God:
Gold:   13         SH:  0    Dex: 10    Spells: 4/5 levels left

rFire   . . .        d - +1 hand axe (pain)
rCold   . . .        (no shield)
rNeg    . . .        i - +0 ring mail
rPois   .            (no helmet)
rElec   .            (no cloak)
rCorr   .            (no gloves)
SInv    .            (no boots)
Will    .....        (no amulet) Stlth
                     (no ring)
HPRegen 0.24/turn    (no ring)
MPRegen 0.09/turn

%: no passive effects
@: confused, ambrosia-drunk
A: runic magic, artefact enchanting
a: no special abilities


You were on level 2 of the Dungeon.
You visited 1 branch of the dungeon, and saw 2 of its levels.

You collected 13 gold pieces.


Innate Abilities, Weirdness & Mutations

Your spellcasting is much less encumbered by armour.
You can use scrolls of enchantment on lesser artefacts.


   Skills:
 + Level 2.2 Fighting
 - Level 1.3 Dodging
 - Level 1.4 Stealth
 - Level 1.7 Spellcasting
 + Level 5.1 Necromancy


You had 4 spell levels left.
You knew the following spells:

 Your Spells              Type           Power      Damage    Failure   Level
X - Necrotise             Necr           72%        1d7       3%          1

Your spell library contained the following spells:

 Spells                   Type           Power      Damage    Failure   Level
 Vampiric Draining        Necr           18%        2d7       10%         3
 Animate Dead             Necr           18%        N/A       30%         4
 Curse of Agony           Necr           18%        N/A       65%         5
 Conjure Ball Lightning   Conj/Air       0%         3x3d6     100%        6
 Discord                  Hex            0%         N/A       100%        8
 Disjunction              Tloc           0%         N/A       100%        8

Inventory:

Hand Weapons
 d - a +1 hand axe of pain (weapon)
Armour
 a - a +0 robe
 i - a +0 ring mail (worn)
Scrolls
 f - a scroll of vulnerability {unknown}
 h - a scroll of poison {unknown}
Potions
 b - a potion of magic
 c - a potion of degeneration {unknown}
 g - a potion of curing {unknown}

Dungeon Overview and Level Annotations

Branches:
Dungeon (2/15)

Altars:

Annotations:
D:2 Sigmund

#. #. ########## #.
#........# #.
#####.######.# . #.
#...{....# #.#
...###.###.###@##.#
#.# #.@.......#
#.##.# #.#
..#.....###
#.##.###.# ##...##
#........# ##.##
####.###### #.
#........# #.
#...##.#.# #+
#...##.# #......#


There were no monsters in sight!


Message History

Done exploring.
Done exploring.
Done exploring.
There is an open door here.
You see here a ball python skeleton.
You see here a rat skeleton.
There is a stone staircase leading down here.
You climb downwards.
There is a stone staircase leading up here.
Found 11 gold pieces.
You now have 13 gold pieces (gained 11).
Sigmund the Dreaded comes into view.
He is wielding a +3 scythe of freezing.
Sigmund breathes a few words.
Sigmund's hands start flickering wildly.
You start waiting.
Sigmund is nearby!
Sigmund gestures wildly while chanting.
Sigmund flickers and vanishes!
Deactivating autopickup; reactivate with Ctrl-A.
You miss something. Something hits you! Something freezes you.
You miss something. Something hits you but does no damage.
You miss something. Something hits you. Something freezes you.
You closely miss something. Something hits you!
* * * LOW HITPOINT WARNING * * *
Something freezes you.
* * * LOW HITPOINT WARNING * * *
It was a potion of ambrosia.
You are confused.
You feel invigorated. Something hits you!
You die...

Skill      XL: |  1  2 |
---------------+-------+-----
Fighting       | 1 2 |  2.2
Necromancy     | 5 |  5.1
Dodging        | |  1.3
Stealth        | |  1.4
Spellcasting   | |  1.7

Action                     || total
---------------------------++-------
  Melee: Hand axe          ||    71
         Unarmed           ||     5
   Cast: Necrotise         ||     7
    Use: Potion            ||     1
 Armour: Robe              ||    36
         Ring mail         ||     5
  Dodge: Dodged            ||    60

Levels and vault maps discovered:
D:1:      wander_arrival_chamber, layout_loops_corners
D:2:      layout_loops_corners, chequers_hall_statues_y, uniq_sigmund,
          uniq_jessica

Notes
Turn   | Place    | Note
-------+----------+-------------------------------------------
     0 | D:1      | cforsyth the Mountain Dwarf Necromancer began the quest for
                  | the Orb.
     0 | D:1      | Reached XP level 1. HP: 14/14 MP: 3/3
   258 | D:1      | Reached skill level 1 in Fighting
   341 | D:1      | Reached XP level 2. HP: 18/23 MP: 4/4
   847 | D:1      | Reached skill level 5 in Necromancy
   849 | D:1      | Reached skill level 2 in Fighting
   849 | D:1      | Reached XP level 3. HP: 29/29 MP: 5/5
  1272 | D:2      | Noticed Sigmund
  1291 | D:2      | Slain by Sigmund

Vanquished Creatures
  2 dart slugs (D:1)
  2 bats (D:1)
  3 endoplasms (D:1)
  2 giant cockroaches (D:1)
  2 hobgoblins (D:1)
  3 kobolds (D:1)
  5 quokkas (D:1)
  5 ball pythons (D:1)
  A frilled lizard (D:1)
  8 rats (D:1)
33 creatures vanquished.

Table legend: (Time is in decaauts)
 A = Elapsed time spent in this place.
 B = Non-inter-level travel time spent in this place.
 C = Inter-level travel time spent in this place.
 D = Time resting spent in this place.
 E = Time spent auto-exploring this place.
 F = Levels seen in this place.
 G = Mean time per level.
                   A        B        C        D        E       F      G
               +--------+--------+--------+--------+--------+-----+--------+
         Total |   1311 |   1264 |     47 |      6 |   1031 |   2 |  655.5 |
       Dungeon |   1311 |   1264 |     47 |      6 |   1031 |   2 |  655.5 |
               +--------+--------+--------+--------+--------+-----+--------+

Top non-repeatable levels by time:
     D:1: 1247 daAuts
     D:2: 63 daAuts

Table legend:
 A = Non-vault XP
 B = Vault XP
 C = Vault XP percentage of total XP
 D = Non-vault monster count
 E = Vault monster count
 F = Vault count percentage of total count
                 A         B        C        D         E       F
            +---------+---------+-------+---------+---------+-------
      Total |      56 |       0 |   0.0 |      33 |       0 |   0.0
            +---------+---------+-------+---------+---------+-------
        D:1 |      56 |       0 |   0.0 |      33 |       0 |   0.0
            +---------+---------+-------+---------+---------+-------
